Map: Proxima Station LE

Players

Musumeci - Winner!

  • Race: Zerg Zerg
  • League: Diamond
  • Spawn Location: 1:00

chudatta

  • Race: Zerg Zerg
  • League: Diamond
  • Spawn Location: 7:00

VOD

Have the link to the VOD?

Description

Time

  • Played on: March 15, 2017, 4:03 a.m.
  • Length: 12:10
Show
View Real Time Build Order
Export as new Build Order

Musumeci Zerg - Winner!

Build Orders: Hatch First 

Get SALT Encoding   

  12  0:03  Drone  
  13  0:13  Drone  
  14  0:20  Drone, Extractor  
  15  0:43  Hatchery  
  14  0:51  Drone, Extractor  
  15  1:03  Spawning Pool  
  14  1:10  Drone, Extractor  
  14  1:21  Overlord  
  14  1:37  Drone, Extractor  
  14  1:39  Drone x2  
  17  1:48  Drone  
  17  1:50  Queen  
  20  2:03  Queen  
  22  2:11  Metabolic Boost  
  22  2:15  Drone  
  23  2:19  Drone  
  24  2:23  Drone  
  25  2:34  Roach Warren  
  24  2:44  Overlord  
  24  2:58  Zergling x2  
  24  2:59  Zergling x6  
  28  3:14  Roach x4  
  36  3:20  Overlord  
  35  3:39  Drone  
  35  3:40  Drone x5  
  41  3:50  Drone x2  
  43  3:56  Lair  
  43  3:57  Extractor  
  43  4:02  Roach  
  42  4:17  Drone x2  
  42  4:22  Overlord x2  
  44  4:41  Roach x2  
  44  4:42  Roach x5  
  54  5:11  Drone x7  
  60  5:21  Glial Reconstitution  
  60  5:25  Evolution Chamber  
  60  5:26  Extractor  
  58  5:29  Overseer  
  56  5:39  Drone x3  
  59  5:43  Hydralisk Den  
  59  5:47  Extractor  
  57  6:10  Roach  
  59  6:12  Overlord x2  
  59  6:15  Zerg Missile Weapons Level 1  
  59  6:32  Roach x10  
  71  6:42  Ravager  
  71  6:44  Ravager  
  73  6:50  Ravager  
  73  6:52  Ravager  
  69  7:04  Roach x3  
  76  7:08  Ravager  
  74  7:26  Roach  
  76  7:30  Overlord x4  
  68  7:53  Roach x9  
  73  8:09  Roach  
  73  8:10  Roach x4  
  79  8:21  Roach  
  79  8:22  Roach x5  
  81  8:36  Ravager x3  
  79  8:47  Zerg Ground Armor Level 1  
  65  8:51  Roach x7  
  75  9:06  Roach x4  
  75  9:07  Roach  
  85  9:13  Ravager x7  
  85  9:14  Hatchery, Ravager  
  92  9:19  Roach  
  92  9:20  Roach  
  67  9:46  Roach  
  67  9:47  Roach x8  
  85  10:04  Roach  
  85  10:05  Roach x5  
  97  10:19  Ravager  
  89  10:34  Roach x9  
  105  10:42  Overlord x2  
  105  10:51  Ravager  
  106  11:00  Queen, Ravager  
  109  11:05  Ravager  
  109  11:06  Ravager  
  109  11:07  Overseer  
  109  11:10  Roach x4  
  114  11:43  Roach x2  
  108  11:50  Roach  
  108  11:51  Roach x4  
Show
View Real Time Build Order
Export as new Build Order

chudatta Zerg 

Build Orders: Pool First 

Get SALT Encoding   

  12  0:08  Overlord  
  12  0:13  Drone  
  13  0:17  Drone  
  14  0:30  Drone  
  14  0:33  Drone  
  17  0:42  Drone  
  17  0:49  Spawning Pool  
  16  0:52  Drone, Extractor  
  16  1:02  Drone  
  17  1:17  Drone  
  18  1:24  Hatchery  
  17  1:27  Drone  
  18  1:38  Queen  
  20  1:42  Drone  
  21  1:50  Overlord  
  21  1:59  Drone  
  22  2:04  Metabolic Boost  
  22  2:10  Spine Crawler  
  22  2:13  Zergling x2  
  22  2:19  Zergling x2  
  23  2:27  Queen  
  23  2:28  Drone  
  26  2:37  Zergling x2  
  27  2:47  Drone  
  27  2:49  Drone, Baneling Nest  
  27  2:50  Zergling x2  
  29  2:52  Drone  
  29  2:57  Drone  
  31  2:58  Zergling x2  
  31  3:02  Drone  
  33  3:11  Zergling x4  
  35  3:18  Zergling x2  
  35  3:19  Overlord  
  36  3:40  Baneling  
  36  3:42  Baneling  
  36  3:43  Baneling  
  36  3:44  Zergling x10  
  36  3:47  Drone  
  42  3:58  Baneling  
  40  4:09  Roach Warren  
  37  4:11  Evolution Chamber  
  37  4:12  Zergling x8  
  39  4:19  Drone x2  
  39  4:20  Drone x2  
  39  4:22  Overlord  
  39  4:23  Overlord  
  43  4:29  Baneling  
  43  4:30  Baneling  
  43  4:37  Zerg Missile Weapons Level 1  
  43  4:38  Lair  
  43  4:41  Zergling x2  
  43  4:42  Drone  
  43  4:44  Drone  
  43  4:45  Drone  
  47  4:51  Roach  
  49  4:57  Zergling x4  
  49  4:58  Zergling x4  
  53  5:03  Zergling x2  
  53  5:04  Zergling x4  
  52  5:14  Zergling x2  
  47  5:16  Baneling  
  47  5:19  Roach x3  
  53  5:24  Drone x3  
  53  5:25  Extractor  
  53  5:26  Drone  
  53  5:28  Drone  
  57  5:31  Roach  
  59  5:37  Baneling  
  59  5:38  Drone  
  59  5:41  Overlord  
  60  5:49  Baneling  
  60  5:54  Hatchery  
  60  5:56  Baneling  
  59  6:01  Unknown  
  59  6:04  Roach x2  
  59  6:06  Zergling x2  
  64  6:14  Zergling x6  
  64  6:15  Zergling x2  
  68  6:18  Glial Reconstitution  
  68  6:25  Baneling  
  68  6:29  Roach  
  68  6:30  Zergling x2  
  68  6:32  Zergling x2  
  67  6:33  Zergling x2  
  67  6:34  Queen  
  67  6:36  Overlord  
  67  6:37  Queen  
  67  6:47  Roach  
  63  7:04  Roach x6  
  75  7:13  Roach  
  75  7:14  Roach x2  
  67  7:25  Roach  
  67  7:26  Roach  
  71  7:36  Roach x2  
  75  7:37  Overlord  
  75  7:39  Overlord  
  75  7:41  Zergling x2  
  75  7:43  Zergling x4  
  75  7:44  Zergling x6  
  81  7:48  Queen  
  81  7:50  Roach  
  81  7:54  Baneling x3  
  81  7:56  Roach  
  83  7:59  Zergling x2  
  84  8:09  Zergling x10  
  89  8:24  Queen  
  91  8:32  Roach x3  
  91  8:33  Roach  
  95  8:45  Roach x2  
  95  8:46  Drone, Zergling x2  
  95  8:47  Zergling x8  
  96  8:52  Ravager  
  96  8:55  Roach  
  96  8:56  Roach  
  96  8:59  Overlord  
  98  9:24  Roach x3  
  98  9:25  Roach  
  103  9:33  Roach x2  
  103  9:34  Roach x4  
  103  9:36  Roach  
  103  9:38  Zergling x4  
  105  9:39  Zergling x4  
  105  9:41  Overlord x2  
  92  9:46  Overlord  
  83  9:53  Roach x5  
  91  10:04  Drone x4  
  91  10:06  Extractor  
  94  10:08  Roach x3, Extractor  
  94  10:10  Drone  
  100  10:15  Drone  
  100  10:17  Roach  
  100  10:20  Roach  
  100  10:35  Roach  
  101  10:36  Zergling x16  
  109  10:44  Overlord  
  109  10:47  Roach x2  
  113  11:00  Overlord  
  113  11:03  Overseer  
  113  11:05  Roach  
  113  11:06  Drone x6  
  113  11:08  Overlord  
  121  11:29  Infestation Pit  
  121  11:30  Spire  
  112  11:39  Ravager  
  109  11:40  Ravager  
  109  11:45  Roach x4  
  109  11:46  Roach  
  96  11:48  Roach  
Tags
 
Add a new tag
Caveats
  • Supply blocks, unpowered buildings, or Contaminate may cause inaccurate times.
  • Supply counts are checked every 10 seconds.